 Dungeon Crawl Stone Soup version 0.17-a0-2215-g49c1de0 (webtiles) character file.

1232 4thArraOfDagon the Destroyer (level 8, -19/41 HPs)
             Began as a Tengu Fire Elementalist on Oct 27, 2015.
             Was an Initiate of Ashenzari.
             Killed from afar by Erolcha (47 damage)
             ... with a crystal spear
             ... on level 10 of the Dungeon.
             The game lasted 00:12:53 (2067 turns).

4thArraOfDagon the Destroyer (TeFE)                 Turns: 2067, Time: 00:12:54

Health: -19/41     AC: 10    Str:  9    XL:     8   Next: 48%
Magic:  6/15       EV: 12    Int: 17    God:    Ashenzari [......]
Gold:   205        SH:  0    Dex: 15    Spells: 6 memorised, 0 levels left

rFire  . . .     SeeInvis .     u - +3 quarterstaff (protect)
rCold  + + .     Clarity  .     w - +2 robe of the Eleven Runes {*Contam rC++ rN+}
rNeg   + + .     SustAt   .     (no shield)
rPois  .         Gourm    .     (helmet restricted)
rElec  .         Spirit   .     (no cloak)
rCorr  .         Warding  .     A - +0 pair of gloves
rMut   .         Stasis   .     (boots unavailable)
MR     .....                    (no amulet)
Stlth  ++........               z - ring of wizardry
                                y - ring of positive energy

@: not resistant to hostile enchantments, unstealthy
A: beak, talons 3, able to fly 1
a: Fly, Renounce Religion


You were on level 10 of the Dungeon.
You worshipped Ashenzari.
Ashenzari was noncommittal.
You were hungry.

You visited 1 branch of the dungeon, and saw 11 of its levels.

You collected 205 gold pieces.

Inventory:

Hand Weapons
 u - a +3 quarterstaff of protection (weapon)
Missiles
 i - 6 poisoned tomahawks (quivered)
 v - 6 tomahawks
 D - 7 curare-tipped needles
Armour
 k - a +1 pair of gloves
 w - the +2 robe of the Eleven Runes (worn) {*Contam rC++ rN+}
   (You found it on level 5 of the Dungeon)

   It greatly protects you from cold.
   It protects you from negative energy.
   It causes magical contamination when unequipped.
 A - a +0 pair of gloves (worn)
Jewellery
 y - a ring of positive energy (left hand)
 z - a ring of wizardry (right hand)
Wands
 a - a wand of slowing (24)
 l - a wand of flame (21)
 n - a wand of frost (18)
 p - a wand of frost (41)
 E - a wand of paralysis (14)
Scrolls
 e - a scroll of remove curse
 m - a scroll of fear
 x - a scroll of enchant armour
 B - a scroll of noise
Potions
 d - 2 potions of heal wounds
 f - a potion of degeneration {unknown}
 g - a potion of ambrosia {unknown}
 o - a potion of resistance
 r - 2 potions of curing
 s - a potion of flight
 t - a potion of brilliance {unknown}
Books
 b - a book of Flames

   Spells                             Type                      Level
   a - Flame Tongue                   Conjuration/Fire             1
   b - Throw Flame                    Conjuration/Fire             2
   c - Conjure Flame                  Conjuration/Fire             3
   d - Inner Flame                    Hexes/Fire                   3
   e - Sticky Flame                   Conjuration/Fire             4
   f - Fireball                       Conjuration/Fire             5
 j - a book of Cantrips

   Spells                             Type                      Level
   a - Corona                         Hexes                        1
   b - Animate Skeleton               Necromancy                   1
   c - Summon Small Mammal            Summoning                    1
   d - Apportation                    Translocation                1
 G - a book of Beasts

   Spells                             Type                      Level
   a - Summon Butterflies             Summoning                    1
   b - Call Canine Familiar           Summoning                    3
   c - Summon Ice Beast               Ice/Summoning                4
   d - Summon Mana Viper              Hexes/Summoning              5
   e - Summon Hydra                   Summoning                    7
Comestibles
 c - 3 bread rations
 h - a slice of pizza
 q - 4 fruits
 C - a beef jerky


   Skills:
 - Level 2.1 Dodging
 - Level 2.0 Stealth
 + Level 4.4 Spellcasting
 * Level 8.2 Conjurations
 * Level 7.6 Fire Magic
 + Level 0.0 Evocations


You couldn't memorise any spells.
You knew the following spells:

 Your Spells              Type           Power        Failure   Level  Hunger
a - Flame Tongue          Conj/Fire      ####.        1%          1    None
b - Conjure Flame         Conj/Fire      ####....     1%          3    ###....
c - Animate Skeleton      Necr           N/A          7%          1    None
d - Apportation           Tloc           #.........   7%          1    None
e - Sticky Flame          Conj/Fire      ####....     3%          4    ####...
f - Fireball              Conj/Fire      ####......   7%          5    ######.


Dungeon Overview and Level Annotations

Branches:
Dungeon (11/15)              Lair (0/8) D:8
 Temple: D:4-7          Orc: D:9-12

Altars:
Ashenzari
Kikubaaqudgha

Shops:
D:9 :

Annotations:
D:5 Dowan
D:7 Prince Ribbit
D:10 Erolcha


Innate Abilities, Weirdness & Mutations

You have a beak for a mouth.
You have claws for feet.
You can fly.


Message History

Casting: Conjure Flame
Confirm with . or Enter, or press ? or * to list all spells.
Aiming: Conjure Flame
Press: ? - help, Dir - move target cursor The fire roars!
Erolcha is engulfed in roaring flames.
Casting: Conjure Flame
Confirm with . or Enter, or press ? or * to list all spells.
Aiming: Sticky Flame
Press: ? - help, Shift-Dir - straight line, f - Erolcha
Aim: Erolcha, wielding a giant spiked club and wearing a robe (moderately wounded)
The sticky flame hits Erolcha.
Erolcha is moderately wounded.
Erolcha is covered in liquid flames!
Erolcha burns!
Erolcha hits you with a giant spiked club!
Erolcha burns!
Erolcha gestures at you while chanting. The crystal spear hits you!
Ouch! That really hurt!
You die...

.. . #.#. ... ... .#
..# .# #.# O# #.##.#
#..#.# #.@#.# #..#.#
#..O§# . #.#..# .
##########.#..#
........##.#..#
........##'##.#
............#.#
############.....#..


You could see Erolcha (burning).

Vanquished Creatures
  A basilisk (D:8)
  A phantom (D:10)
  A sky beast (D:10)
  An orc warrior (D:10)
  An ogre (D:5)
  A giant frog (D:9)
  A big kobold (D:10)
  2 scorpions (D:6)
  6 hounds
  2 orc wizards
  A crimson imp (D:9)
  A centaur zombie (D:8)
  2 jellies
  An orc priest (D:10)
  An iguana (D:9)
  A worker ant (D:4)
  2 adders
  4 oozes (D:10)
  2 adder skeletons
  2 worms
  4 giant geckos
  4 orcs
  A giant cockroach (D:3)
  2 goblins
  3 hobgoblins (D:1)
  4 giant newts
  A kobold (D:9)
  A rat (D:1)
54 creatures vanquished.

Notes
Turn   | Place    | Note
--------------------------------------------------------------
     0 | D:1      | 4thArraOfDagon the Tengu Fire Elementalist began the quest for the Orb.
     0 | D:1      | Reached XP level 1. HP: 10/10 MP: 4/4
    94 | D:1      | Reached XP level 2. HP: 13/15 MP: 3/6
   374 | D:4      | Reached skill level 4 in Fire Magic
   374 | D:4      | Reached XP level 3. HP: 13/19 MP: 7/7
   379 | D:4      | Learned a level 3 spell: Conjure Flame
   381 | D:4      | Learned a level 1 spell: Animate Skeleton
   383 | D:4      | Learned a level 1 spell: Apportation
   416 | D:4      | Reached XP level 4. HP: 11/24 MP: 1/8
   462 | D:5      | Entered Level 5 of the Dungeon
   470 | D:5      | Noticed an ogre
   478 | D:5      | Killed an ogre
   478 | D:5      | Gained mutation: You can fly. [Tengu growth]
   478 | D:5      | Reached XP level 5. HP: 18/28 MP: 7/10
   577 | D:6      | Reached skill level 5 in Fire Magic
   596 | D:6      | HP: 1/28 [scorpion (6)]
   601 | D:6      | Reached skill level 5 in Conjurations
   601 | D:6      | Reached XP level 6. HP: 22/32 MP: 3/11
   640 | D:6      | Learned a level 4 spell: Sticky Flame
   851 | D:7      | Noticed Prince Ribbit
   911 | D:6      | Reached XP level 7. HP: 18/36 MP: 4/13
  1040 | D:5      | Noticed Dowan
  1147 | D:5      | Got a fabulously ornate robe
  1158 | D:5      | Identified the +2 robe of the Eleven Runes {*Contam rC++ rN+} (You found it on level 5 of the Dungeon)
  1318 | D:7      | no god for you as well
  1341 | D:7      | time for dive
  1341 | D:7      | RIP
  1385 | D:8      | Noticed a basilisk
  1387 | D:8      | Reached skill level 6 in Conjurations
  1401 | D:8      | Found a staircase to the Lair.
  1408 | D:8      | Killed a basilisk
  1519 | D:9      | Noticed a troll
  1521 | D:9      | Found an ancient bone altar of Kikubaaqudgha.
  1537 | D:9      | Noticed a yak
  1578 | D:8      | greayt
  1587 | D:9      | Found a shattered altar of Ashenzari.
  1588 | D:9      | Noticed a yak
  1591 | D:9      | Noticed a yak
  1592 | D:9      | Noticed a yak
  1596 | D:9      | Became a worshipper of Ashenzari the Shackled
  1597 | D:9      | no other option :(
  1614 | D:9      | Noticed a hippogriff
  1617 | D:10     | Entered Level 10 of the Dungeon
  1619 | D:10     | Reached skill level 7 in Conjurations
  1650 | D:10     | Reached XP level 8. HP: 31/41 MP: 4/15
  1657 | D:10     | Learned a level 5 spell: Fireball
  1777 | D:10     | Reached skill level 8 in Conjurations
  1877 | D:9      | Found Tutir's Book Shop.
  2050 | D:10     | Noticed Erolcha
  2067 | D:10     | Killed from afar by Erolcha

Vault maps used:
D:1:      dpeg_arrival_oval, minmay_misc_feat_tiny
D:2:      first_bread
D:3:      nicolae_gozag_zags_fifth_avenue
D:4:      gammafunk_temple_overflow_pools
D:5:      hangedman_decor_diamond_cutter, uniq_duvessa
D:6:      minmay_temple_entry_statues_pillars, wad_floor_pattern_untrapped,
          bloody_trog
D:7:      overflow_temple_1_default, uniq_prince_ribbit1
D:8:      gammafunk_temple_overflow_wave, dpeg_lair_monsters, basic_altar
D:9:      fiery_altar_vehumet, serial_shops, shop, serial_curves,
          eino_curves_02, eino_curves_03, eino_curves_04, basic_altar,
          ashenzari_altar_1
D:10:     david_orc_4, grunt_decor_arrowhead, hangedman_little_slice_of_home,
          uniq_joseph, uniq_erolcha

Action                   |  1- 3 |  4- 6 |  7- 9 || total
-------------------------+-------+-------+-------++-------
Melee: Dagger            |     6 |       |       ||     6
       Quarterstaff      |       |       |    34 ||    34
Throw: Tomahawk          |    19 |    20 |       ||    39
 Cast: Flame Tongue      |    20 |    30 |    38 ||    88
       Conjure Flame     |       |     3 |     4 ||     7
       Sticky Flame      |       |     1 |     6 ||     7
       Fireball          |       |       |     1 ||     1
 Abil: Fly               |       |       |     1 ||     1
Evoke: Wand              |       |       |     1 ||     1
  Use: Potion            |       |     2 |     1 ||     3
       Scroll            |       |       |     9 ||     9
  Eat: Chunk             |       |       |     4 ||     4
       Beef jerky        |       |       |     1 ||     1
